 Dungeon Crawl Stone Soup version 0.19-a0-1007-g133f65f (webtiles) character file.

5640 mistymad the Blocker (level 11, -2/89 HPs)
             Began as a Formicid Abyssal Knight on July 19, 2016.
             Was a High Priest of Lugonu.
             Killed by a spatial distortion (4 damage)
             ... on level 10 of the Dungeon.
             The game lasted 00:23:31 (8846 turns).

mistymad the Blocker (Formicid Abyssal Knight)      Turns: 8846, Time: 00:23:32

Health: -2/89      AC: 18    Str: 20    XL:     11   Next: 3%
Magic:  11/12      EV:  7    Int: 12    God:    Lugonu [*****.]
Gold:   349        SH: 16    Dex: 10    Spells: 0 memorised, 10 levels left

rFire  . . .     SeeInvis +     r - +3 war axe
rCold  . . .     Gourm    .     B - +0 plate armour
rNeg   . . .     Faith    .     a - +0 large shield
rPois  .         Spirit   .     (helmet unavailable)
rElec  .         Dismiss  .     y - +0 cloak
rCorr  .         Reflect  .     w - +0 pair of gloves
SustAt .         Harm     .     q - +0 pair of boots
MR     ++...                    d - amulet of regeneration
Stlth  ..........               R - ring of protection from magic
                                H - +2 ring of evasion

@: frozen, very slow, very resistant to hostile enchantments, extremely
unstealthy
A: permanent stasis, dig shafts and tunnels, four strong arms, antennae 3
a: Dig, Shaft Self, Depart the Abyss, Bend Space, Banish, Corrupt, Enter the
Abyss, Renounce Religion


You were on level 10 of the Dungeon.
You worshipped Lugonu.
Lugonu was extremely pleased with you.
You were not hungry.

You visited 2 branches of the dungeon, and saw 11 of its levels.
You visited the Abyss 1 time.

You collected 610 gold pieces.
You spent 261 gold pieces at shops.

Inventory:

Hand Weapons
 h - a +2 mace of protection
 j - a +1 war axe of electrocution
 r - a +3 war axe (weapon)
 I - a +4 blowgun
Missiles
 k - 7 curare-tipped needles (quivered)
Armour
 a - a +0 large shield (worn)
 l - a +0 chain mail of fire resistance
 q - a +0 pair of boots (worn)
 w - a +0 pair of gloves (worn)
 y - a +0 cloak (worn)
 B - a +0 plate armour (worn)
 D - an ice dragon hide
Jewellery
 d - an amulet of regeneration (around neck)
 H - a +2 ring of evasion (left hand)
 R - a ring of protection from magic (right hand)
Wands
 E - a wand of lightning (0/15)
 F - a wand of polymorph (3/24)
 O - a wand of lightning (5/15)
 Q - a wand of heal wounds (6/9)
Scrolls
 v - a scroll of enchant weapon
 A - 3 scrolls of acquirement {unknown}
 C - 2 scrolls of identify
 J - 3 scrolls of remove curse
 L - a scroll of recharging {unknown}
 P - a scroll of fog {unknown}
Potions
 b - 3 potions of heal wounds
 e - a potion of lignification {unknown}
 i - 4 potions of curing
 m - 2 potions of invisibility
 n - 2 potions of resistance {unknown}
 o - 2 potions of magic {unknown}
 p - a potion of brilliance {unknown}
 s - 3 potions of agility {unknown}
 u - a potion of flight {unknown}
 x - a potion of mutation {unknown}
 G - 2 potions of haste {unknown}
 M - 2 potions of berserk rage {unknown}
 N - a potion of cure mutation {unknown}
Comestibles
 c - 6 bread rations
 f - 6 meat rations
 g - a beef jerky
 t - a royal jelly
 z - 3 fruits
 K - 9 chunks of flesh


   Skills:
 + Level 9.3 Fighting
 + Level 8.1 Axes
 + Level 9.0 Armour
 - Level 0.8 Dodging
 + Level 9.3 Shields
 - Level 2.1 Invocations


You had 10 spell levels left.
You didn't know any spells.

Dungeon Overview and Level Annotations

Branches:
Dungeon (10/15)            Temple (1/1) D:7
   Lair: D:8-11         Orc: D:9-12

Altars:
Ashenzari
Cheibriados
Dithmenos
Elyvilon
Fedhas
Gozag
Hepliaklqana
Kikubaaqudgha
Makhleb
Nemelex Xobeh
Okawaru
Pakellas
Qazlal
Ru
Sif Muna
Trog
Uskayaw
Vehumet
Xom
Yredelemnul
Zin
The Shining One
Lugonu

Shops:
D:7 ?(


Innate Abilities, Weirdness & Mutations

You are under a permanent stasis effect.
You can dig through walls and to a lower floor.
Your four strong arms can wield two-handed weapons with a shield.
You have a pair of large antennae on your head. (SInv)


Message History

The frost giant is moderately wounded.
The frost giant points at you and mumbles some strange words.
The bolt of cold hits you!
You take 24 damage, and have 36/89 hp.
MASSIVE DAMAGE!!
Space bends around you!
You blink.
You take 2 damage, and have 34/89 hp.
You now have 11/12 mp.
The frost giant casts a spell at you. The bolt of cold hits you!
* * * LOW HITPOINT WARNING * * *
A scorpion comes into view.
You take 19 damage, and have 15/89 hp.
MASSIVE DAMAGE!!
A rime drake comes into view.
The rime drake hisses angrily.
The rime drake breathes ice at you. The flash freeze hits you!
* * * LOW HITPOINT WARNING * * *
You are encased in ice.
You take 13 damage, and have 2/89 hp.
Space bends around you!
You blink.
You die...

# .##... .......##.
........# ..⌠... #...
........# .Y...
#.............#
##.###...... .O.....#
..........# #...(.#
..........+ #.....#
..........# #.k...#+##
....h.....# #.@......+
..........# #.......<#
..........# #........#
.......C.{# #........+
..........#####........#
#..........s..h........#
#...##'########C...§..##
#...#.........#.......#
#...#.........#.......#


You could see a frost giant, a polar bear, a rime drake and an ogre (wandering).

Vanquished Creatures
  A troll (D:9)
  The ghost of Duffy the Shield-Bearer, an amateur FoFi (D:5)
  A two-headed ogre (D:8)
  Sigmund (D:3)
  2 hippogriffs
  3 hungry ghosts
  Menkaure (D:5)
  2 water moccasins
  2 orc warriors
  2 sky beasts
  5 ice beasts
  A black bear (D:7)
  A phantom (D:5)
  5 ogres
  4 centaurs
  2 big kobolds
  A crocodile (D:7)
  5 giant frogs
  7 wights
  A howler monkey (D:8)
  2 crimson imps
  A giant frog zombie (D:5)
  A wasp zombie (D:7)
  A giant frog skeleton (D:4)
  4 orc priests
  3 jellies
  3 hounds
  A gnoll shaman (D:4)
  5 orc wizards
  Crazy Yiuf (D:6)
  2 iguanas
  9 worker ants
  A killer bee zombie (D:7)
  A worker ant zombie (D:7)
  9 gnolls
  A howler monkey skeleton (D:5)
  8 adders
  2 shadow imps
  2 oozes (D:2)
  An adder skeleton (D:4)
  2 worms (D:2)
  A dart slug (D:1)
  5 giant geckos
  30 orcs
  2 bats
  3 giant cockroaches
  5 hobgoblins
  3 jackals (D:9)
  16 kobolds
  4 quokkas
  2 giant gecko zombies
  5 giant newts
  4 goblins
  A quokka zombie (D:8)
  7 rats
  A plant (D:1)
197 creatures vanquished.

Vanquished Creatures (others)
  A warg (D:4)
1 creature vanquished.

Grand Total: 198 creatures vanquished

Notes
Turn   | Place    | Note
-------+----------+-------------------------------------------
     0 | Abyss:1  | mistymad the Formicid Abyssal Knight began the quest for the Orb.
     0 | Abyss:1  | Reached XP level 1. HP: 18/18 MP: 2/2
     2 | D:1      | Escaped the Abyss
   276 | D:1      | Reached XP level 2. HP: 18/24 MP: 3/3
   851 | D:1      | Reached XP level 3. HP: 9/29 MP: 4/4
  1528 | D:1      | Reached * piety under Lugonu
  1818 | D:2      | Found a glowing golden altar of the Shining One.
  1853 | D:2      | Reached XP level 4. HP: 31/37 MP: 5/5
  1913 | D:2      | Noticed a moth of wrath
  1916 | D:2      | Found a bloodstained altar of Trog.
  2031 | D:2      | Reached skill level 1 in Shields
  2457 | D:3      | Noticed Sigmund
  2475 | D:3      | Killed Sigmund
  2475 | D:3      | Reached XP level 5. HP: 33/43 MP: 6/6
  2475 | D:3      | Reached XP level 6. HP: 38/49 MP: 7/7
  3488 | D:4      | Reached ** piety under Lugonu
  3488 | D:4      | Reached XP level 7. HP: 55/55 MP: 8/8
  3575 | D:4      | Reached skill level 5 in Fighting
  4042 | D:4      | Found an oddly glowing altar of Pakellas.
  4042 | D:4      | Noticed a warg
  4052 | D:4      | Killed a warg
  4053 | D:4      | Noticed a tentacled monstrosity
  4165 | D:5      | Entered Level 5 of the Dungeon
  4183 | D:5      | Found an iron altar of Okawaru.
  4305 | D:5      | Noticed Duffy's ghost (amateur FoFi)
  4515 | D:5      | Killed Duffy's ghost
  4515 | D:5      | Reached skill level 5 in Armour
  4515 | D:5      | Reached XP level 8. HP: 48/64 MP: 9/9
  4679 | D:5      | Reached skill level 5 in Shields
  4720 | D:5      | Reached skill level 5 in Axes
  4737 | D:5      | Noticed Menkaure
  4942 | D:6      | Found a sacrificial altar of Ru.
  5002 | D:6      | Found a glowing silver altar of Zin.
  5002 | D:6      | Noticed an angel
  5167 | D:6      | Reached XP level 9. HP: 65/71 MP: 10/10
  5325 | D:6      | Found a runed door.
  5329 | D:6      | Noticed Crazy Yiuf
  5334 | D:6      | Killed Crazy Yiuf
  5558 | D:7      | Found an oddly glowing altar of Pakellas.
  5694 | D:7      | Found Jyckoy's Magic Scroll Emporium.
  5697 | D:7      | Bought a scroll of identify for 28 gold pieces
  5697 | D:7      | Bought a scroll of identify for 28 gold pieces
  5697 | D:7      | Bought a scroll of identify for 28 gold pieces
  5697 | D:7      | Bought a scroll of identify for 28 gold pieces
  5713 | D:7      | Found a staircase to the Ecumenical Temple.
  5735 | Temple   | Entered the Ecumenical Temple
  5826 | D:7      | Reached *** piety under Lugonu
  5858 | D:7      | Found a hide-covered altar of Uskayaw.
  6027 | D:7      | Found a shadowy altar of Dithmenos.
  6222 | D:7      | Found Pezel's Antique Weapon Shop.
  6227 | D:7      | Bought a runed war axe for 87 gold pieces
  6619 | D:8      | Noticed a two-headed ogre
  6632 | D:7      | Reached XP level 10. HP: 80/80 MP: 11/11
  7054 | D:5      | Reached **** piety under Lugonu
  7074 | D:5      | Killed Menkaure
  7287 | D:7      | Bought a runed blowgun for 62 gold pieces
  7339 | D:8      | Found an ancient bone altar of Kikubaaqudgha.
  7367 | D:8      | Found a sacrificial altar of Ru.
  7367 | D:8      | Found a shattered altar of Ashenzari.
  7369 | D:8      | Found a deep blue altar of Sif Muna.
  7370 | D:8      | Found a snail-covered altar of Cheibriados.
  7372 | D:8      | Found an iron altar of Okawaru.
  7659 | D:8      | Found a white marble altar of Elyvilon.
  7926 | D:8      | Found a shimmering altar of Xom.
  7929 | D:8      | Found a burning altar of Makhleb.
  8379 | D:9      | Found a stormy altar of Qazlal.
  8543 | D:9      | Reached ***** piety under Lugonu
  8684 | D:10     | Entered Level 10 of the Dungeon
  8761 | D:10     | Reached XP level 11. HP: 85/89 MP: 12/12
  8811 | D:10     | Noticed a frost giant
  8845 | D:10     | HP: 2/89 [rime drake/flash freeze (13)]
  8846 | D:10     | Killed by a spatial distortion

Vault maps used:
D:1:      dpeg_chamrin_arrival_tetris, minmay_misc_feat_plants,
          serial_bayou_pond_c, moated_statue
D:2:      tgw_trog, overflow_temple_1_default
D:3:      uniq_sigmund, uniq_natasha
D:4:      gammafunk_pakellas_its_alive
D:5:      basic_altar, first_bread, uniq_menkaure
D:6:      zin_angel, minivault_11, hangedman_ru_absence, uniq_crazy_yiuf_cottage
D:7:      old_standard_altar, eat_drink_and_be_merry_uskayaw,
          lemuel_coloured_pillars_altar, serial_shops, kennysheep_little_box,
          kennysheep_mini
D:8:      grunt_temple_overflow_champion_of_chaos, elyvilon_altar_3, minitemple
D:9:      lemuel_crystal_altar
D:10:     minmay_coctagon, erik_lair_dragon, orc_0_dummy, uniq_urug
Temple:   corrupted_temple

Skill      XL: |  1  2  3  4  5  6  7  8  9 10 |
---------------+-------------------------------+-----
Fighting       | 4 5 6 7 9 |  9.3
Armour         | 3 4 5 6 7 9 |  9.0
Shields        | 2 3 4 5 7 9 |  9.3
Axes           | 3 4 5 6 8 |  8.1
Dodging        | |  0.8
Invocations    | |  2.1

Action                   |  1- 3 |  4- 6 |  7- 9 | 10-12 || total
-------------------------+-------+-------+-------+-------++-------
Melee: Hand axe          |   112 |     8 |       |       ||   120
       War axe           |       |    78 |   305 |   296 ||   679
       Mace              |       |    18 |   165 |       ||   183
Invok: Depart the Abyss  |     1 |       |       |       ||     1
       Bend Space        |       |       |       |     1 ||     1
 Abil: Dig               |       |     1 |     3 |     1 ||     5
Evoke: Wand              |       |       |       |     4 ||     4
  Use: Scroll            |     4 |     3 |     7 |       ||    14
  Eat: Chunk             |     3 |     6 |    13 |    10 ||    32
       Bread ration      |       |       |     2 |       ||     2
Armor: Leather armour    |    17 |       |       |       ||    17
       Ring mail         |     4 |     6 |       |       ||    10
       Chain mail        |       |    55 |   126 |       ||   181
       Plate armour      |       |       |    97 |   119 ||   216
Dodge: Dodged            |    34 |    25 |    81 |    62 ||   202
Block: Buckler           |     4 |    23 |    26 |       ||    53
       Large shield      |       |       |   257 |   269 ||   526
